NYP
BROOKLYN CYCLONES @ SALEM-KEIZER VOLCANOES
07/01/2044
 
TOP OF THE 1ST
Brooklyn Cyclones batting - Pitching for Salem-Keizer Volcanoes : RHP Tim Welshman
Pitching: RHP Tim Welshman
Batting: LHB Jose Chavez 0-0: Swinging Strike
0-1: Ball
1-1: Swinging Strike
1-2: Strikes out swinging, 2-3 out at first.
Batting: LHB Adam Barry 0-0: Called Strike
0-1: Ball
1-1: Swinging Strike
1-2: Ball
2-2: SOLO HOME RUN (Line Drive, 9LD, EV 91.9 MPH), Distance : 347 ft
Batting: LHB Kodai Furuki 0-0: Ball
1-0: Fly out, F8 (Flyball, 8LS, EV 90.0 MPH)
Batting: SHB Julio Ramos 0-0: Called Strike
0-1: Fly out, F8 (Flyball, 78M, EV 86.2 MPH)
Top of the 1st over - 1 run, 1 hit, 0 errors, 0 left on base; Brooklyn 1 - Salem-Keizer 0
BOTTOM OF THE 1ST
Salem-Keizer Volcanoes batting - Pitching for Brooklyn Cyclones : RHP Stan Pitcher
Pitching: RHP Stan Pitcher
Batting: RHB Danny Gallo 0-0: SINGLE (Groundball, 6MD, EV 102.5 MPH)
Batting: RHB Bill Defazio 0-0: Ball
1-0: Called Strike
Danny Gallo steals 2nd base
1-1: Ground out 4-3 (Groundball, 4, EV 85.6 MPH)
Danny Gallo to third
Batting: LHB Gil Caraveo 0-0: Called Strike
0-1: Foul Ball, location: 2F
0-2: Foul Ball, location: 2F
0-2: Foul Ball, location: 2F
0-2: Ball
1-2: Ball
2-2: Strikes out swinging
Batting: LHB Al Hernandez 0-0: Called Strike
0-1: Ball
1-1: Ball
2-1: Called Strike
2-2: Strikes out swinging
Bottom of the 1st over - 0 runs, 1 hit, 0 errors, 1 left on base; Brooklyn 1 - Salem-Keizer 0
TOP OF THE 2ND
Brooklyn Cyclones batting - Pitching for Salem-Keizer Volcanoes : RHP Tim Welshman
Batting: RHB Allen Wozniak 0-0: Ball
1-0: Fly out, F7 (Line Drive, 7, EV 93.1 MPH)
Batting: LHB Manny Caldera 0-0: Ball
1-0: Foul Ball, location: 2F
1-1: Ball
2-1: Foul Ball, location: 2F
2-2: Foul Ball, location: 2F
2-2: Foul Ball, location: 2F
2-2: Ground out 4-3 (Groundball, 4, EV 85.6 MPH)
Batting: RHB Oscar Chairez 0-0: Swinging Strike
0-1: Ball
1-1: Foul Ball, location: 2F
1-2: Strikes out swinging
Top of the 2nd over - 0 runs, 0 hits, 0 errors, 0 left on base; Brooklyn 1 - Salem-Keizer 0
BOTTOM OF THE 2ND
Salem-Keizer Volcanoes batting - Pitching for Brooklyn Cyclones : RHP Stan Pitcher
Batting: RHB Justin Layton 0-0: Fly out, F7 (Flyball, 78D, EV 94.4 MPH)
Batting: RHB Gabe Ochoa 0-0: Swinging Strike
0-1: Ground out 1-3 (Groundball, 15S, EV 73.1 MPH)
Batting: RHB Ryan Bentz 0-0: Ball
1-0: Foul Ball, location: 2F
1-1: Foul Ball, location: 2F
1-2: Ball
2-2: Foul Ball, location: 2F
2-2: Strikes out looking
Bottom of the 2nd over - 0 runs, 0 hits, 0 errors, 0 left on base; Brooklyn 1 - Salem-Keizer 0
TOP OF THE 3RD
Brooklyn Cyclones batting - Pitching for Salem-Keizer Volcanoes : RHP Tim Welshman
Batting: RHB Tony Oria 0-0: Ball
1-0: Ball
2-0: Ball
3-0: Called Strike
3-1: Fly out, F9 (Flyball, 9, EV 87.5 MPH)
Batting: RHB Jung-keun Bai 0-0: Ball
1-0: Swinging Strike
1-1: Foul Ball, location: 2F
1-2: Ball
2-2: Ground out 6-3 (Groundball, 6D, EV 85.0 MPH)
Batting: LHB Jose Chavez 0-0: Foul Ball, location: 2F
0-1: SOLO HOME RUN (Flyball, 7D, EV 104.4 MPH), Distance : 407 ft
Batting: LHB Adam Barry 0-0: Ball
1-0: Ball
2-0: Ground out 5-3 (Groundball, 56, EV 86.9 MPH)
Top of the 3rd over - 1 run, 1 hit, 0 errors, 0 left on base; Brooklyn 2 - Salem-Keizer 0
BOTTOM OF THE 3RD
Salem-Keizer Volcanoes batting - Pitching for Brooklyn Cyclones : RHP Stan Pitcher
Batting: RHB Alfredo Lemus 0-0: Ground out 5-3 (Groundball, 56S, EV 75.0 MPH)
Batting: RHB Willie Sanchez 0-0: Ball
1-0: Ground out 6-3 (Groundball, 6, EV 90.0 MPH)
Batting: RHB Danny Gallo 0-0: Ball
1-0: Ball
2-0: Fly out, F7 (Flyball, 7LD, EV 94.4 MPH)
Bottom of the 3rd over - 0 runs, 0 hits, 0 errors, 0 left on base; Brooklyn 2 - Salem-Keizer 0
TOP OF THE 4TH
Brooklyn Cyclones batting - Pitching for Salem-Keizer Volcanoes : RHP Tim Welshman
Batting: LHB Kodai Furuki 0-0: Called Strike
0-1: Ball
1-1: Swinging Strike
1-2: Strikes out looking
Batting: SHB Julio Ramos 0-0: Called Strike
0-1: Called Strike
0-2: Strikes out swinging
Batting: RHB Allen Wozniak 0-0: Ball
1-0: Fly out, F8 (Flyball, 8RD, EV 102.5 MPH)
Top of the 4th over - 0 runs, 0 hits, 0 errors, 0 left on base; Brooklyn 2 - Salem-Keizer 0
BOTTOM OF THE 4TH
Salem-Keizer Volcanoes batting - Pitching for Brooklyn Cyclones : RHP Stan Pitcher
Batting: RHB Bill Defazio 0-0: Called Strike
0-1: Foul Ball, location: 2F
0-2: Ball
1-2: Foul Ball, location: 2F
1-2: Strikes out swinging
Batting: LHB Gil Caraveo 0-0: Called Strike
0-1: Fly out, F3 (Popup, 3SF, EV 70.0 MPH)
Batting: LHB Al Hernandez 0-0: Called Strike
0-1: Ball
1-1: Ground out 3-1 (Groundball, 34, EV 103.1 MPH)
Bottom of the 4th over - 0 runs, 0 hits, 0 errors, 0 left on base; Brooklyn 2 - Salem-Keizer 0
TOP OF THE 5TH
Brooklyn Cyclones batting - Pitching for Salem-Keizer Volcanoes : RHP Tim Welshman
Batting: LHB Manny Caldera 0-0: Ball
1-0: Called Strike
1-1: Called Strike
1-2: Ball
2-2: Strikes out swinging
Batting: RHB Oscar Chairez 0-0: Foul Ball, location: 2F
0-1: Swinging Strike
0-2: Ball
1-2: Reached on error, E6 (Groundball, 6, EV 94.4 MPH)
Batting: RHB Tony Oria 0-0: Foul Ball, location: 2F
0-1: Ball
1-1: Fielders Choice at 2nd, 6-4 (Groundball, 6M, EV 90.6 MPH)
Batting: RHB Jung-keun Bai 0-0: Called Strike
0-1: Ball
1-1: DOUBLE (Line Drive, 89M, EV 100.6 MPH)
Tony Oria to third
Batting: LHB Jose Chavez 0-0: Ball
1-0: Foul Ball, location: 2F
1-1: Swinging Strike
1-2: Ball
2-2: Foul Ball, location: 2F
2-2: Ball
3-2: Foul Ball, location: 2F
3-2: Base on Balls
Batting: LHB Adam Barry 0-0: Ball
1-0: Ball
2-0: SINGLE (Line Drive, 34D, EV 98.1 MPH)
Tony Oria scores
Jung-keun Bai to third
Jose Chavez to second
Runner from 3rd tries for Home, throw by RF and OUT! 9-2
Top of the 5th over - 1 run, 2 hits, 1 error, 2 left on base; Brooklyn 3 - Salem-Keizer 0
BOTTOM OF THE 5TH
Salem-Keizer Volcanoes batting - Pitching for Brooklyn Cyclones : RHP Stan Pitcher
Batting: RHB Justin Layton 0-0: Ball
1-0: Foul Ball, location: 2F
1-1: Foul Ball, location: 2F
1-2: Ground out 5-3 (Groundball, 56, EV 96.9 MPH)
Batting: RHB Gabe Ochoa 0-0: Fly out, F9 (Flyball, 89S, EV 91.2 MPH)
DELAY Rain delay of 64 minutes in the 5th inning.
Batting: RHB Ryan Bentz 0-0: Called Strike
0-1: Called Strike
0-2: Strikes out swinging
Bottom of the 5th over - 0 runs, 0 hits, 0 errors, 0 left on base; Brooklyn 3 - Salem-Keizer 0
TOP OF THE 6TH
Brooklyn Cyclones batting - Pitching for Salem-Keizer Volcanoes : RHP Tim Welshman
Pitching: RHP Damian Molina
Batting: LHB Kodai Furuki 0-0: Called Strike
0-1: Ball
1-1: Ground out 3-1 (Groundball, 34S, EV 94.4 MPH)
Batting: SHB Julio Ramos 0-0: Called Strike
0-1: Foul Ball, location: 2F
0-2: Ground out 4-3 (Groundball, 4, EV 85.6 MPH)
Batting: RHB Allen Wozniak 0-0: Ball
1-0: Ground out 6-3 (Groundball, P, EV 84.4 MPH)
Top of the 6th over - 0 runs, 0 hits, 0 errors, 0 left on base; Brooklyn 3 - Salem-Keizer 0
BOTTOM OF THE 6TH
Salem-Keizer Volcanoes batting - Pitching for Brooklyn Cyclones : RHP Stan Pitcher
Batting: RHB Alfredo Lemus 0-0: Ball
1-0: Ball
2-0: Swinging Strike
2-1: Ball
3-1: Fly out, F7 (Line Drive, 7, EV 100.6 MPH)
Batting: RHB Willie Sanchez 0-0: Ball
1-0: DOUBLE (Line Drive, 89D, EV 112.5 MPH)
Batting: RHB Danny Gallo 0-0: Called Strike
0-1: Foul Ball, location: 2F
0-2: Ball
1-2: Ball
2-2: Ball
3-2: Base on Balls
Pitching: RHP Alastair Henry
Batting: RHB Bill Defazio 0-0: Ball
Willie Sanchez steals 3rd base
1-0: Ball
2-0: Called Strike
2-1: Foul Ball, location: 2F
2-2: Strikes out swinging
Batting: LHB Gil Caraveo 0-0: Ball
1-0: Called Strike
1-1: Foul Ball, location: 2F
1-2: Strikes out looking
Bottom of the 6th over - 0 runs, 1 hit, 0 errors, 2 left on base; Brooklyn 3 - Salem-Keizer 0
TOP OF THE 7TH
Brooklyn Cyclones batting - Pitching for Salem-Keizer Volcanoes : RHP Damian Molina
Batting: LHB Manny Caldera 0-0: Called Strike
0-1: Foul Ball, location: 2F
0-2: Ball
1-2: Ball
2-2: Strikes out swinging
Batting: RHB Oscar Chairez 0-0: Ground out 5-3 (Groundball, 56, EV 106.2 MPH)
Batting: RHB Tony Oria 0-0: Ball
1-0: Ball
2-0: Ground out 5-3 (Groundball, 5, EV 106.9 MPH)
Top of the 7th over - 0 runs, 0 hits, 0 errors, 0 left on base; Brooklyn 3 - Salem-Keizer 0
BOTTOM OF THE 7TH
Salem-Keizer Volcanoes batting - Pitching for Brooklyn Cyclones : RHP Alastair Henry
Pitching: LHP Jose Diaz
Batting: LHB Al Hernandez 0-0: Ball
1-0: Called Strike
1-1: Swinging Strike
1-2: Strikes out swinging
Pitching: LHP Mike Capers
Batting: RHB Justin Layton 0-0: Called Strike
0-1: Foul Ball, location: 2F
0-2: Strikes out swinging
Batting: RHB Gabe Ochoa 0-0: Ball
1-0: Foul Ball, location: 2F
1-1: Ball
2-1: Called Strike
2-2: Ball
3-2: Ground out U3 (Groundball, 34S, EV 81.2 MPH)
Bottom of the 7th over - 0 runs, 0 hits, 0 errors, 0 left on base; Brooklyn 3 - Salem-Keizer 0
TOP OF THE 8TH
Brooklyn Cyclones batting - Pitching for Salem-Keizer Volcanoes : RHP Damian Molina
Batting: RHB Jung-keun Bai 0-0: Ball
1-0: Ball
2-0: Foul Ball, location: 2F
2-1: Ball
3-1: Swinging Strike
3-2: Foul Ball, location: 2F
3-2: Base on Balls
Batting: LHB Jose Chavez 0-0: SINGLE (Groundball, 6, EV 100.6 MPH) (infield hit)
Jung-keun Bai to second
Batting: LHB Adam Barry 0-0: Foul Ball, location: 2F
0-1: Foul Ball, location: 2F
0-2: Ball
1-2: Grounds into TRIPLE play, 5-4 (Groundball, 5L, EV 103.8 MPH)
Top of the 8th over - 0 runs, 1 hit, 0 errors, 0 left on base; Brooklyn 3 - Salem-Keizer 0
BOTTOM OF THE 8TH
Salem-Keizer Volcanoes batting - Pitching for Brooklyn Cyclones : LHP Mike Capers
Batting: RHB Ryan Bentz 0-0: Ball
1-0: SINGLE (Groundball, 34D, EV 101.9 MPH)
Batting: RHB Alfredo Lemus 0-0: Ball
1-0: Fly out, F9 (Flyball, 9LM, EV 90.6 MPH)
Batting: RHB Willie Sanchez 0-0: Ball
1-0: Ball
2-0: Called Strike
2-1: Ball
3-1: SINGLE (Groundball, 5S, EV 69.4 MPH) (infield hit)
Ryan Bentz to second
Batting: RHB Danny Gallo 0-0: Called Strike
0-1: Fly out, F8 (Flyball, 8RS, EV 90.6 MPH)
Batting: RHB Bill Defazio 0-0: Ball
1-0: Foul Ball, location: 2F
1-1: Called Strike
1-2: Ball
2-2: Foul Ball, location: 2F
2-2: Ball
3-2: Ground out 6-3 (Groundball, 6M, EV 80.0 MPH)
Bottom of the 8th over - 0 runs, 2 hits, 0 errors, 2 left on base; Brooklyn 3 - Salem-Keizer 0
TOP OF THE 9TH
Brooklyn Cyclones batting - Pitching for Salem-Keizer Volcanoes : RHP Damian Molina
Pitching: RHP Lorenzo Merjil
Batting: LHB Kodai Furuki 0-0: Ball
1-0: Swinging Strike
1-1: Foul Ball, location: 2F
1-2: Strikes out looking
Batting: SHB Julio Ramos 0-0: Called Strike
0-1: Ball
1-1: Ball
2-1: Ball
3-1: Foul Ball, location: 2F
3-2: Foul Ball, location: 2F
3-2: Strikes out swinging
Batting: RHB Allen Wozniak 0-0: SINGLE (Groundball, 6S, EV 66.2 MPH) (infield hit)
Batting: LHB Manny Caldera 0-0: Called Strike
Allen Wozniak steals 2nd base
0-1: Called Strike
0-2: Strikes out looking
Top of the 9th over - 0 runs, 1 hit, 0 errors, 1 left on base; Brooklyn 3 - Salem-Keizer 0
BOTTOM OF THE 9TH
Salem-Keizer Volcanoes batting - Pitching for Brooklyn Cyclones : LHP Mike Capers
Pitching: RHP Jason Vulich
Batting: LHB Gil Caraveo 0-0: Called Strike
0-1: Called Strike
0-2: Ball
1-2: Foul Ball, location: 2F
1-2: SINGLE (Groundball, 6D, EV 101.2 MPH)
Batting: LHB Al Hernandez 0-0: Ball
1-0: Ball
2-0: Ball
3-0: Base on Balls
Gil Caraveo to second
Pinch Hitting: LHB Ryan Anderson 0-0: Called Strike
0-1: Called Strike
0-2: Strikes out swinging
Batting: RHB Gabe Ochoa 0-0: Ball
1-0: Ball
2-0: Called Strike
2-1: Ball
3-1: Called Strike
3-2: Foul Ball, location: 2F
3-2: Base on Balls
Gil Caraveo to third
Al Hernandez to second
Batting: RHB Ryan Bentz 0-0: Called Strike
0-1: Ball
1-1: Fly out, F8 (Flyball, 8RD, EV 93.1 MPH)
Batting: RHB Alfredo Lemus 0-0: Called Strike
0-1: Ball
1-1: Swinging Strike
1-2: Foul Ball, location: 2F
1-2: Ground out 2-3 (Groundball, 2L, EV 67.5 MPH)
Bottom of the 9th over - 0 runs, 1 hit, 0 errors, 3 left on base; Brooklyn 3 - Salem-Keizer 0
Thursday, March 31st , 2022 - OOTP Baseball 22.12 Build 89